Map: Frost LE

Players

IIIIIIIIIIII

  • Race: Protoss Protoss
  • League: Grandmaster

llllllllllll (Elazer) - Winner!

  • Race: Zerg Zerg
  • League: Grandmaster

VOD

Have the link to the VOD?

Description

Time

  • Played on: Aug. 3, 2016, 11:16 p.m.
  • Length: 8:55
Show
View Real Time Build Order
Export as new Build Order

IIIIIIIIIIII Protoss 

Build Orders: 1 Gate Expand 

Get SALT Encoding   

  12  0:00  Probe (Chrono Boost)  
  13  0:11  Probe (Chrono Boost)  
  14  0:17  Pylon  
  14  0:22  Probe (Chrono Boost)  
  15  0:35  Probe (Chrono Boost)  
  16  0:38  Gateway  
  16  0:45  Probe (Chrono Boost)  
  16  0:47  Assimilator  
  17  0:56  Probe (Chrono Boost)  
  18  1:06  Probe (Chrono Boost)  
  19  1:21  Nexus  
  19  1:24  Probe (Chrono Boost)  
  20  1:36  Cybernetics Core  
  20  1:37  Probe (Chrono Boost)  
  21  1:43  Assimilator  
  21  1:48  Probe (Chrono Boost)  
  21  1:53  Pylon  
  22  1:58  Probe (Chrono Boost)  
  23  2:09  Adept  
  23  2:13  Warp Gate, Probe (Chrono Boost)  
  26  2:25  Probe (Chrono Boost)  
  26  2:26  Twilight Council  
  27  2:33  Stalker  
  27  2:34  Probe (Chrono Boost)  
  31  2:37  Probe (Chrono Boost)  
  31  2:44  Probe (Chrono Boost)  
  31  2:48  Probe (Chrono Boost)  
  31  2:50  Resonating Glaives  
  33  2:55  Probe (Chrono Boost)  
  34  3:00  Probe (Chrono Boost)  
  35  3:06  Probe (Chrono Boost)  
  35  3:12  Probe (Chrono Boost)  
  37  3:16  Probe (Chrono Boost)  
  38  3:24  Gateway, Probe (Chrono Boost)  
  38  3:26  Gateway  
  38  3:29  Assimilator, Mothership Core (Chrono Boost)  
  39  3:36  Probe (Chrono Boost)  
  39  3:41  Pylon  
  40  3:44  Pylon  
  40  3:47  Probe (Chrono Boost)  
  42  3:48  Probe (Chrono Boost)  
  42  3:55  Nexus  
  42  3:57  Probe (Chrono Boost)  
  42  3:59  Pylon  
  42  4:02  Probe (Chrono Boost)  
  44  4:08  Probe (Chrono Boost)  
  45  4:14  Probe (Chrono Boost)  
  45  4:15  Robotics Facility  
  46  4:18  Adept  
  46  4:19  Adept  
  46  4:22  Adept x2  
  52  4:26  Pylon  
  52  4:29  Probe (Chrono Boost)  
  52  4:30  Probe (Chrono Boost)  
  54  4:35  Pylon  
  54  4:38  Adept  
  54  4:43  Adept x2  
  59  4:45  Probe (Chrono Boost)  
  59  4:47  Probe (Chrono Boost)  
  55  4:55  Assimilator  
  55  4:56  Probe (Chrono Boost)  
  55  4:58  Forge  
  57  5:00  Probe (Chrono Boost)  
  57  5:02  Observer  
  57  5:06  Adept  
  57  5:07  Adept x2  
  62  5:11  Probe (Chrono Boost)  
  59  5:22  Pylon  
  59  5:23  Pylon  
  61  5:28  Adept  
  61  5:30  Adept  
  61  5:31  Adept  
  61  5:34  Probe (Chrono Boost)  
  61  5:35  Probe x2 (Chrono Boost)  
  66  5:37  Warp Prism  
  68  5:45  Probe (Chrono Boost)  
  68  5:47  Probe x2 (Chrono Boost)  
  71  5:52  Adept x3  
  78  5:59  Gateway  
  78  6:01  Gateway  
  77  6:07  Gateway  
  77  6:10  Pylon  
  77  6:17  Adept x3  
  69  6:23  Probe x3 (Chrono Boost)  
  65  6:27  Pylon  
  65  6:30  Pylon  
  61  6:38  Adept x2  
  63  6:40  Photon Cannon  
  63  6:42  Pylon  
  63  6:45  Probe (Chrono Boost)  
  65  6:48  Probe (Chrono Boost)  
  65  6:53  Adept  
  65  6:58  Adept  
  65  6:59  Adept  
  69  7:03  Pylon  
  69  7:06  Sentry x2  
  69  7:07  Gateway  
  69  7:18  Pylon x2  
  66  7:28  Probe (Chrono Boost)  
  66  7:29  Probe (Chrono Boost)  
  41  7:30  Probe (Chrono Boost)  
  28  7:40  Probe (Chrono Boost)  
  28  7:41  Probe x2 (Chrono Boost)  
  29  7:46  Sentry x3  
  36  7:53  Probe (Chrono Boost)  
  36  7:54  Probe (Chrono Boost)  
  37  8:00  Probe (Chrono Boost)  
  37  8:08  Probe (Chrono Boost)  
  37  8:22  Sentry x3  
  42  8:28  Pylon  
  42  8:42  Sentry x2  
Show
View Real Time Build Order
Export as new Build Order

llllllllllll Zerg - Winner!

Build Orders: Hatch First 

Get SALT Encoding   

  12  0:01  Drone  
  13  0:09  Drone  
  14  0:21  Overlord  
  14  0:40  Drone x3  
  17  0:53  Hatchery  
  16  0:58  Drone  
  17  1:06  Drone  
  18  1:12  Extractor  
  17  1:27  Drone  
  17  1:28  Drone, Spawning Pool  
  18  1:36  Drone  
  19  1:46  Overlord  
  19  1:55  Drone  
  20  2:06  Drone  
  21  2:11  Drone  
  21  2:14  Queen  
  21  2:15  Metabolic Boost, Queen  
  26  2:20  Drone  
  26  2:21  Drone  
  28  2:27  Drone  
  29  2:33  Drone  
  30  2:38  Drone x2  
  32  2:47  Hatchery  
  32  2:48  Drone  
  32  2:50  Drone  
  33  2:54  Queen  
  35  3:01  Drone  
  35  3:03  Overlord  
  36  3:09  Evolution Chamber  
  33  3:20  Drone  
  33  3:22  Drone x3  
  33  3:24  Drone  
  38  3:27  Drone  
  38  3:30  Drone  
  39  3:35  Zerg Melee Weapons Level 1  
  39  3:36  Zergling x2  
  39  3:38  Zergling x2  
  39  3:39  Zergling x2  
  42  3:42  Zergling x2  
  42  3:46  Zergling x2  
  44  3:49  Overlord  
  44  4:01  Zergling x10  
  44  4:02  Zergling x2  
  50  4:05  Overlord  
  50  4:07  Zergling x2  
  51  4:10  Spore Crawler  
  51  4:12  Spore Crawler  
  51  4:16  Zergling x4  
  50  4:18  Zergling x2  
  48  4:25  Zergling x4  
  48  4:26  Zergling x4  
  48  4:27  Zergling x2  
  48  4:29  Zergling x2  
  54  4:32  Zergling x2  
  54  4:34  Zergling x6  
  54  4:36  Zergling x2  
  58  4:42  Zergling x6  
  58  4:43  Zergling x2  
  57  4:46  Zergling x2  
  57  4:51  Zergling x4  
  58  4:56  Zergling x2  
  58  4:57  Zergling x2, Baneling Nest  
  58  4:58  Zergling x2  
  60  5:00  Zergling x2  
  60  5:03  Zergling x2  
  60  5:05  Zergling x2  
  60  5:06  Zergling x2  
  64  5:12  Zergling x6  
  63  5:15  Zergling x2  
  63  5:16  Zergling x2  
  63  5:19  Zergling x2  
  59  5:23  Zergling x2  
  59  5:26  Zergling x2  
  59  5:27  Zergling x2  
  53  5:32  Zergling x4  
  53  5:34  Zergling x6  
  57  5:36  Zergling x2  
  57  5:37  Zergling x2  
  59  5:45  Baneling x6  
  59  5:46  Baneling x3  
  59  5:48  Zergling x2  
  60  5:53  Zergling x4  
  60  5:55  Zergling x2  
  64  5:57  Zergling x2  
  64  5:58  Zergling x2  
  65  6:04  Zergling x2  
  65  6:08  Zergling x4  
  65  6:09  Zergling x2  
  64  6:15  Zergling x4  
  64  6:16  Zergling x6  
  64  6:17  Zergling x2  
  63  6:19  Zergling x2  
  63  6:22  Zergling x2  
  63  6:24  Zergling x2  
  59  6:25  Zergling x2  
  59  6:28  Zergling x2  
  59  6:31  Zergling x4  
  59  6:32  Zergling x2  
  59  6:35  Drone  
  60  6:46  Drone x4  
  64  6:47  Baneling  
  64  6:48  Baneling x4  
  62  6:55  Drone x2  
  62  7:04  Drone x3  
  61  7:18  Zergling x6  
  61  7:19  Zergling x2  
  61  7:21  Zergling x2  
  61  7:22  Zergling x2  
  65  7:23  Zergling x2  
  65  7:25  Zergling x4  
  65  7:27  Zergling x2  
  65  7:30  Zergling x2  
  65  7:35  Zergling x4  
  63  7:44  Zergling x4  
  63  7:45  Zergling x4  
  63  7:47  Overlord  
  65  7:54  Roach Warren, Zergling x2  
  62  7:59  Zergling x4  
  62  8:10  Zergling x2  
  62  8:11  Zergling x8  
  64  8:13  Zergling x8  
  64  8:16  Zergling x2  
  64  8:19  Baneling x10  
  67  8:20  Baneling, Zergling x4  
  67  8:25  Zergling x2  
  70  8:27  Zergling x2  
  70  8:28  Zergling x2  
  70  8:32  Overlord x2  
  70  8:33  Roach  
Tags
 
Add a new tag
Caveats
  • Supply blocks, unpowered buildings, or Contaminate may cause inaccurate times.
  • Supply counts are checked every 10 seconds.